Map: King's Cove LE

Players

Snute - Winner!

  • Race: Zerg Zerg
  • Spawn Location: 11:00

Awers

  • Race: Terran Terran
  • Spawn Location: 5:00

Event: 2019 WCS Summer

VOD

Have the link to the VOD?

Description

Time

  • Played on: July 12, 2019, 6:48 a.m.
  • Length: 23:03

All games in this series

Show
View Real Time Build Order
Export as new Build Order

Snute Zerg - Winner!

Build Orders: Hatch First 

Get SALT Encoding   

  12  0:00  Drone  
  13  0:12  Overlord  
  13  0:18  Drone  
  14  0:30  Drone x2  
  14  0:34  Drone  
  17  0:52  Hatchery  
  17  0:56  Drone  
  17  0:58  Drone  
  18  1:08  Extractor  
  17  1:14  Spawning Pool  
  17  1:17  Drone  
  17  1:21  Drone  
  18  1:28  Drone  
  19  1:38  Overlord  
  19  1:49  Drone  
  20  2:00  Drone  
  21  2:01  Queen  
  21  2:04  Zergling x2, Queen  
  26  2:08  Metabolic Boost  
  26  2:12  Zergling x2  
  27  2:16  Zergling x2  
  27  2:21  Drone  
  29  2:26  Drone  
  30  2:35  Drone  
  30  2:37  Drone  
  30  2:41  Queen  
  30  2:43  Overlord  
  33  2:47  Drone  
  34  2:55  Drone  
  35  3:00  Drone  
  35  3:04  Hatchery  
  35  3:06  Drone  
  35  3:10  Drone  
  35  3:11  Drone x2  
  39  3:15  Drone  
  39  3:16  Drone  
  41  3:20  Overlord  
  41  3:22  Drone  
  41  3:26  Drone x2  
  44  3:35  Drone, Roach Warren  
  44  3:36  Extractor  
  44  3:37  Drone  
  44  3:41  Drone x2  
  46  3:44  Overlord  
  46  3:51  Overlord  
  46  3:53  Queen  
  47  4:12  Overlord  
  47  4:15  Roach x7  
  61  4:18  Zergling x4  
  61  4:22  Roach  
  61  4:23  Roach  
  67  4:26  Roach  
  69  4:36  Zergling x6  
  69  4:37  Overlord  
  72  4:39  Lair  
  72  4:43  Zergling x4  
  72  4:44  Zergling x2  
  75  4:50  Zergling x6  
  78  4:52  Spore Crawler  
  78  4:54  Spore Crawler  
  76  5:04  Drone x2  
  78  5:12  Spore Crawler  
  77  5:15  Drone x4  
  77  5:21  Ravager  
  80  5:24  Drone x3  
  80  5:25  Drone  
  80  5:26  Drone  
  78  5:28  Drone  
  77  5:38  Drone x6  
  77  5:40  Drone  
  73  5:46  Queen  
  73  5:48  Ravager  
  72  5:51  Drone x4  
  72  5:52  Queen  
  72  6:02  Spore Crawler  
  66  6:07  Spore Crawler  
  66  6:08  Glial Reconstitution, Extractor  
  66  6:11  Drone x3, Hatchery  
  66  6:12  Drone  
  66  6:13  Extractor  
  66  6:14  Roach  
  66  6:17  Overseer  
  68  6:20  Roach x2  
  68  6:22  Roach  
  68  6:23  Roach  
  76  6:30  Roach x3  
  76  6:32  Zergling x6  
  85  6:42  Drone x6  
  85  6:44  Drone  
  90  6:55  Overlord x3  
  91  7:02  Overlord  
  91  7:07  Infestation Pit, Evolution Chamber  
  91  7:08  Evolution Chamber  
  88  7:09  Hatchery  
  88  7:10  Extractor  
  88  7:12  Extractor  
  88  7:13  Drone x6  
  88  7:14  Drone x3  
  94  7:15  Drone  
  94  7:20  Roach x2  
  99  7:25  Roach x2  
  99  7:26  Hydralisk Den  
  102  7:30  Hydralisk Den  
  102  7:31  Pneumatized Carapace  
  102  7:36  Zerg Missile Weapons Level 1  
  101  7:42  Drone  
  101  7:43  Drone x8  
  110  7:53  Zerg Ground Armor Level 1  
  110  7:56  Extractor  
  110  7:58  Grooved Spines  
  109  7:59  Extractor  
  109  8:00  Hydralisk x2  
  109  8:02  Spore Crawler  
  110  8:06  Drone x5  
  110  8:10  Drone x3  
  117  8:21  Neural Parasite  
  117  8:23  Muscular Augments  
  117  8:24  Infestor  
  119  8:28  Overlord  
  119  8:33  Infestor  
  120  8:40  Infestor  
  120  8:41  Hatchery  
  121  8:42  Spine Crawler  
  121  8:43  Zergling x10  
  125  8:49  Hydralisk x4  
  125  8:53  Queen  
  128  9:03  Burrow  
  128  9:09  Drone  
  129  9:10  Drone x2  
  129  9:12  Overlord x3  
  129  9:13  Drone x2, Spine Crawler  
  129  9:14  Spine Crawler  
  129  9:16  Roach x3  
  136  9:19  Overlord  
  136  9:20  Overlord  
  127  9:32  Zerg Missile Weapons Level 2  
  127  9:36  Ravager  
  127  9:37  Ravager x8  
  137  9:38  Roach  
  137  9:39  Zergling x6  
  137  9:40  Zergling x10  
  145  9:50  Zerg Ground Armor Level 2, Spine Crawler  
  144  9:53  Spine Crawler  
  143  10:03  Extractor  
  143  10:04  Spine Crawler  
  141  10:07  Spine Crawler  
  141  10:09  Extractor  
  141  10:11  Roach x11  
  141  10:14  Ravager  
  155  10:25  Roach x7  
  139  10:45  Queen  
  139  10:47  Drone  
  139  10:49  Drone x6  
  147  10:50  Drone  
  147  10:51  Ravager x6  
  147  10:52  Hydralisk x4, Ravager  
  162  11:04  Roach x6  
  154  11:06  Roach  
  146  11:12  Drone x6  
  146  11:15  Drone x2  
  146  11:16  Drone  
  154  11:21  Ravager x3  
  154  11:22  Ravager  
  158  11:29  Drone x7  
  165  11:40  Hive  
  165  11:44  Spire  
  162  11:56  Hydralisk x5  
  162  12:13  Ravager x2  
  162  12:14  Ravager x2, Overlord x3  
  166  12:19  Hatchery  
  166  12:22  Drone x5  
  170  12:23  Drone, Overlord x2  
  170  12:28  Zerg Melee Weapons Level 1  
  171  12:31  Evolution Chamber  
  171  12:35  Overlord  
  170  12:43  Overseer x2  
  170  12:46  Spore Crawler  
  170  12:47  Drone x5  
  170  12:48  Drone x2, Spore Crawler  
  170  13:08  Roach x10  
  189  13:14  Drone x4  
  189  13:16  Roach x4  
  197  13:31  Drone x5  
  197  13:32  Drone x9  
  196  13:40  Spine Crawler x2  
  192  13:44  Spine Crawler  
  191  13:52  Pathogen Glands  
  191  13:53  Zerg Ground Armor Level 3, Zerg Missile Weapons Level 3  
  191  13:56  Spine Crawler  
  191  13:58  Spine Crawler  
  164  14:11  Drone x9  
  164  14:14  Drone x7  
  164  14:15  Drone x7  
  164  14:16  Drone  
  172  14:20  Infestor x2  
  176  14:24  Zerg Melee Weapons Level 2  
  176  14:37  Viper x3  
  188  14:40  Infestor x4  
  188  14:42  Ravager x6  
  188  14:43  Ravager  
  193  14:55  Roach x4  
  193  14:56  Spine Crawler  
  193  14:58  Spine Crawler  
  193  15:13  Ravager x3  
  196  15:14  Hydralisk x2  
  200  15:34  Hatchery  
  199  15:58  Spore Crawler  
  197  16:10  Drone x3  
  195  16:12  Spine Crawler  
  162  16:33  Roach x5  
  162  16:36  Greater Spire, Drone x3  
  162  16:38  Roach x6  
  187  16:41  Drone x2  
  187  16:42  Zerg Melee Weapons Level 3  
  187  16:43  Adrenal Glands  
  189  16:52  Ravager x3  
  192  16:57  Hydralisk x4  
  198  17:09  Spine Crawler  
  198  17:10  Spine Crawler, Spore Crawler  
  174  17:27  Spore Crawler  
  174  17:28  Hydralisk x5, Spore Crawler  
  182  17:30  Viper x4  
  182  17:33  Spore Crawler  
  182  17:36  Spore Crawler  
  190  17:39  Ravager x2  
  167  18:04  Infestor x6  
  166  18:05  Infestor  
  166  18:10  Roach x6  
  174  18:14  Drone x9  
  179  18:22  Extractor  
  177  18:32  Ravager x6  
  177  18:33  Roach x8  
  199  18:40  Extractor  
  196  18:45  Roach x2  
  151  19:13  Hydralisk x4, Roach x6  
  151  19:14  Hydralisk  
  151  19:15  Roach x10  
  151  19:16  Viper, Roach x2  
  183  19:17  Viper  
  183  19:22  Queen x3  
  192  19:29  Hatchery  
  192  19:31  Ravager x2  
  192  19:32  Roach x3  
  199  19:40  Zerg Flyer Weapons Level 1  
  199  19:46  Drone  
  199  19:48  Spire  
  199  19:59  Spore Crawler  
  196  20:08  Hatchery  
  196  20:13  Ravager x3  
  198  20:20  Drone x6  
  200  20:35  Overseer x3  
  195  20:37  Ravager x5  
  163  21:15  Infestor x4  
  154  21:21  Roach x7  
  154  21:22  Roach x6  
  178  21:29  Viper, Mutalisk  
  183  21:46  Hydralisk x4, Ravager x7  
  192  21:47  Ravager x2  
  192  21:51  Spine Crawler  
  192  21:52  Spine Crawler  
  195  22:02  Extractor  
  195  22:03  Spine Crawler  
  195  22:04  Spine Crawler  
  195  22:05  Extractor, Spore Crawler  
  195  22:08  Spine Crawler  
  187  22:13  Hydralisk x6  
  190  22:21  Zergling x26  
  196  22:38  Spine Crawler x2  
  196  22:41  Hatchery  
  196  22:42  Spine Crawler x2  
Show
View Real Time Build Order
Export as new Build Order

Awers Terran 

Build Orders: Reaper Expand, Hellion Banshee, Mech 

Get SALT Encoding   

  12  0:00  SCV  
  13  0:13  SCV  
  14  0:18  Supply Depot  
  14  0:25  SCV  
  15  0:39  SCV  
  15  0:41  Barracks  
  16  0:44  Refinery  
  16  0:51  SCV  
  17  1:03  SCV  
  18  1:16  SCV  
  19  1:28  Orbital Command, Reaper  
  20  1:42  Command Center  
  20  1:49  Supply Depot  
  20  1:54  SCV  
  21  2:00  Marine  
  22  2:06  SCV  
  23  2:11  Factory  
  23  2:15  Refinery  
  23  2:18  SCV  
  24  2:22  Barracks Reactor  
  24  2:35  SCV  
  25  2:48  SCV  
  25  2:54  Orbital Command  
  25  2:57  Starport  
  25  3:01  SCV  
  25  3:04  Hellion x2  
  30  3:09  Barracks Tech Lab  
  30  3:19  SCV  
  31  3:20  SCV  
  31  3:21  Supply Depot  
  31  3:25  Hellion  
  31  3:26  Hellion  
  36  3:31  SCV  
  36  3:34  SCV  
  38  3:40  Cloaking Field  
  38  3:43  Banshee, SCV  
  38  3:45  Supply Depot  
  38  3:46  SCV  
  43  3:51  Hellion  
  43  3:54  Hellion  
  47  3:55  SCV  
  47  3:58  SCV  
  49  4:08  Armory, SCV  
  50  4:11  SCV  
  50  4:13  Supply Depot  
  51  4:20  SCV  
  52  4:26  Banshee, SCV  
  56  4:32  SCV  
  56  4:36  Command Center  
  57  4:39  SCV  
  57  4:43  Refinery x2  
  58  4:46  SCV  
  58  4:51  SCV  
  60  4:54  Barracks Tech Lab  
  60  4:55  Factory  
  60  4:56  Factory  
  60  4:57  Hellion  
  60  4:58  SCV  
  63  5:08  Banshee  
  63  5:09  SCV  
  67  5:15  Hellion  
  67  5:17  Supply Depot  
  67  5:18  SCV, Supply Depot  
  67  5:34  SCV, Hellion  
  66  5:37  SCV, Hellion  
  66  5:41  Hellion x2  
  69  5:46  SCV  
  69  5:49  SCV  
  65  5:51  Command Center  
  65  5:54  Hellion  
  61  5:59  SCV  
  61  6:01  SCV  
  63  6:07  Starport Reactor  
  63  6:11  SCV  
  64  6:12  Terran Vehicle Weapons Level 1  
  64  6:13  Siege Tank x2  
  64  6:16  SCV  
  71  6:23  SCV  
  72  6:26  Hellion x2  
  72  6:28  SCV  
  77  6:37  Factory  
  77  6:38  Factory  
  77  6:42  SCV  
  77  6:43  SCV  
  73  6:48  Siege Tank x2  
  75  6:54  SCV  
  75  6:55  Refinery, SCV  
  77  7:06  SCV  
  78  7:11  SCV  
  79  7:16  Hellion x2  
  79  7:17  Refinery  
  79  7:19  SCV, Supply Depot  
  79  7:20  Supply Depot  
  79  7:21  Supply Depot  
  84  7:23  Orbital Command, Engineering Bay, SCV  
  84  7:25  Factory Tech Lab, Factory Reactor  
  85  7:31  Infernal Pre-Igniter  
  85  7:36  SCV  
  86  7:41  SCV  
  86  7:44  Thor  
  87  7:48  SCV  
  87  7:50  SCV  
  95  7:53  SCV  
  96  8:00  Hellion x4  
  96  8:01  SCV  
  96  8:03  SCV  
  98  8:08  Thor  
  98  8:09  SCV  
  105  8:12  Siege Tank  
  105  8:13  SCV  
  105  8:16  Terran Vehicle Weapons Level 2  
  106  8:20  Supply Depot, Hellion x3  
  106  8:21  Supply Depot  
  106  8:26  Supply Depot  
  112  8:32  Thor  
  118  8:38  Supply Depot x3  
  118  8:45  Siege Tank  
  118  8:46  Hellion x3  
  118  8:47  Hellion  
  127  9:05  Siege Tank  
  127  9:08  Hellion x2  
  128  9:13  Hellion x2  
  128  9:14  Command Center  
  128  9:15  Siege Tank  
  135  9:22  Siege Tank  
  138  9:26  Factory  
  138  9:28  Factory  
  138  9:30  Hellion x2  
  132  9:36  Liberator x2  
  132  9:37  Siege Tank  
  135  9:40  Hellion x2  
  139  9:47  Siege Tank, Missile Turret  
  139  9:51  Missile Turret  
  148  10:06  Hellion  
  150  10:07  Hellion  
  152  10:15  Siege Tank, Hellion x3  
  152  10:19  Hellion  
  153  10:28  Liberator  
  153  10:29  Liberator  
  148  10:36  Siege Tank  
  148  10:39  Hellion x2  
  148  10:40  Siege Tank, Hellion x2  
  129  10:47  Hellion  
  125  10:50  Planetary Fortress  
  125  10:53  Factory Tech Lab x2, Refinery  
  125  10:54  Refinery  
  121  11:01  Hellion x2  
  115  11:04  Hellion x2  
  115  11:08  Siege Tank  
  116  11:16  Terran Vehicle Weapons Level 3  
  110  11:26  Sensor Tower  
  110  11:28  Viking  
  110  11:29  Viking  
  114  11:33  Thor x2  
  114  11:34  Hellion  
  114  11:37  SCV x2  
  125  11:57  Siege Tank, Hellion x2  
  125  11:58  Viking x2  
  130  12:09  Hellion  
  130  12:10  SCV x2  
  134  12:16  Siege Tank  
  134  12:18  SCV  
  132  12:28  Viking x2  
  132  12:29  Siege Tank, Hellion  
  141  12:30  Command Center  
  141  12:32  Siege Tank  
  144  12:38  Hellion x2  
  146  12:58  Siege Tank, Hellion  
  149  13:01  Siege Tank, Hellion  
  142  13:06  Siege Tank, Hellion  
  142  13:09  Hellion  
  147  13:16  Hellion x2  
  144  13:26  Hellion  
  140  13:28  Hellion x2  
  140  13:29  Viking x2  
  140  13:30  Siege Tank  
  140  13:33  Siege Tank  
  132  13:35  SCV  
  132  13:36  Hellion  
  132  13:38  Siege Tank  
  134  13:43  Command Center  
  134  13:50  Missile Turret  
  134  13:55  SCV x3  
  137  13:59  Viking  
  137  14:02  Siege Tank  
  142  14:05  Viking  
  142  14:15  Thor x2  
  142  14:16  Hellion  
  142  14:17  Hellion x2  
  144  14:18  SCV x2  
  144  14:23  SCV  
  147  14:29  Refinery  
  147  14:30  Terran Vehicle And Ship Armor Level 1, SCV  
  148  14:31  Refinery  
  148  14:32  Planetary Fortress  
  148  14:33  Missile Turret  
  148  14:36  SCV  
  148  14:37  SCV  
  150  14:42  Thor  
  156  15:04  Thor x2  
  156  15:05  Barracks  
  168  15:10  Smart Servos  
  168  15:17  Liberator x2, Missile Turret, Hellion x4  
  168  15:19  Missile Turret  
  176  15:30  Command Center  
  180  15:46  Hellion x4  
  173  16:24  Thor x2  
  170  16:26  Siege Tank, Hellion  
  172  16:39  Hellion x3  
  178  16:40  Thor  
  178  16:41  Siege Tank  
  187  16:47  Hellion  
  187  16:52  Terran Vehicle And Ship Armor Level 2  
  189  16:57  Viking  
  189  16:58  Siege Tank, Viking  
  189  17:00  Hellion x2  
  200  17:02  Starport  
  200  17:09  Hellion  
  200  17:13  Siege Tank, Hellion x2  
  184  17:21  Hellion  
  150  17:23  Siege Tank  
  150  17:26  Thor x3  
  137  17:30  Planetary Fortress  
  137  17:31  Siege Tank  
  137  17:32  Hellion x2  
  137  17:34  Siege Tank  
  147  17:41  Hellion  
  147  17:42  Siege Tank  
  147  17:44  Hellion  
  154  17:45  Siege Tank  
  154  17:48  Starport Tech Lab, Starport  
  157  17:54  Hellion  
  157  17:55  Hellion  
  157  17:56  Siege Tank  
  151  18:02  Hellion  
  151  18:03  Siege Tank  
  151  18:05  Hellion  
  145  18:07  Hellion  
  145  18:11  Orbital Command  
  145  18:14  Siege Tank  
  145  18:15  Refinery, Hellion  
  145  18:17  Siege Tank, Refinery, Hellion  
  155  18:23  Hellion  
  157  18:28  Siege Tank x2  
  147  18:44  Thor, Hellion  
  147  18:45  Hellion  
  147  18:46  Siege Tank  
  160  18:53  Viking x2  
  160  18:54  Viking  
  160  18:55  Starport Tech Lab  
  166  18:56  SCV  
  157  19:07  Command Center  
  157  19:09  Siege Tank, Thor x2  
  155  19:10  Hellion x3  
  155  19:17  Orbital Command  
  152  19:24  Raven  
  154  19:33  Hellion x3  
  154  19:38  Raven  
  162  19:41  Refinery  
  162  19:47  Hellion  
  162  19:48  Hellion x3  
  162  19:52  Hellion  
  172  19:57  Thor  
  178  20:08  Thor  
  178  20:09  Thor  
  178  20:13  Supply Depot  
  186  20:15  Missile Turret x2, Supply Depot  
  183  20:35  Thor x2  
  195  20:46  Sensor Tower  
  195  20:48  Missile Turret  
  195  20:54  Missile Turret x2  
  162  21:18  Siege Tank, Thor x2, Hellion x3  
  158  21:19  Thor x2  
  170  21:26  Hellion  
  172  21:37  Raven x2, Corvid Reactor  
  172  21:39  Viking x2, Hellion  
  182  21:50  Siege Tank  
  185  21:55  Liberator x2  
  183  22:12  Siege Tank x3, Hellion x3  
  185  22:25  Command Center  
  185  22:35  Hellion  
  185  22:36  Hellion x2  
Tags
 
Add a new tag
Caveats
  • Supply blocks, unpowered buildings, or Contaminate may cause inaccurate times.
  • Supply counts are checked every 10 seconds.